 Dungeon Crawl Stone Soup version 0.30.1-9-gdf580d7c3d (webtiles) character file.

Game seed: 11731574432519134145

127 lonewolfV2 the Trooper (level 4, -7/38 HPs)
             Began as a Demonspawn Fighter on Oct 24, 2023.
             Was a Believer of Cheibriados.
             Mangled by a gnoll
             ... wielding a +0 halberd
              (12 damage)
             ... on level 4 of the Dungeon.
             The game lasted 00:04:22 (1335 turns).

lonewolfV2 the Trooper (Demonspawn Fighter)         Turns: 1335, Time: 00:04:23

Health: -7/38      AC: 10    Str: 24    XL:     4   Next: 85%
Magic:  1/6        EV:  8    Int: 16    God:    Cheibriados [**....]
Gold:   82         SH:  5    Dex: 18    Spells: 5/5 levels left

rFire   . . .        a - +0 war axe
rCold   . . .        c - +0 buckler
rNeg    . . .        e - +0 chain mail
rPois   .            (helmet restricted)
rElec   .            (no cloak)
rCorr   .            (no gloves)
SInv    .            (no boots)
Will    .....        (no amulet) Stlth
                     g - +4 ring of slaying
HPRegen 0.26/turn    (no ring)
MPRegen 0.10/turn

%: no passive effects
@: mighty, very slow
A: antennae 1, rugged brown scales 1, demonic magic 1
a: Renounce Religion, Bend Time


You were on level 4 of the Dungeon.
You worshipped Cheibriados.
Cheibriados was pleased with you.
You visited 1 branch of the dungeon, and saw 3 of its levels.

You collected 82 gold pieces.

Inventory:

Hand Weapons
 a - a +0 war axe (weapon)
Armour
 c - a +0 buckler (worn)
 e - a +0 chain mail (worn)
Jewellery
 g - a +4 ring of slaying (left hand)
Wands
 h - a wand of flame (12)
Scrolls
 f - 2 scrolls of identify
 i - a scroll of enchant armour
 j - a scroll of fog {unknown}


   Skills:
 + Level 4.0 Fighting
 - Level 2.0 Axes
 - Level 3.2 Armour
 - Level 2.9 Shields
 + Level 1.1 Spellcasting
 + Level 2.7 Invocations


You had 5 spell levels left.
You didn't know any spells.
Your spell library contained the following spells:

 Spells                   Type           Power      Damage    Failure   Level
 Gell's Gravitas          Tloc           0%         N/A       99%         3
 Teleport Other           Tloc           0%         N/A       99%         3
 Fireball                 Conj/Fire      0%         3d3       100%        5
 Iskenderun's Battlesphe  Conj           0%         2d6       100%        5
 Conjure Ball Lightning   Conj/Air       0%         3x3d6     100%        6
 Dispersal                Tloc           0%         N/A       100%        6
 Orb of Destruction       Conj           0%         9d5       100%        7


Dungeon Overview and Level Annotations

Branches:
Dungeon (2/15)

Altars:
Cheibriados


Innate Abilities, Weirdness & Mutations

You have a pair of small antennae on your head.
You are partially covered in rugged brown scales. (AC +1, +3% HP)
Spells you cast may paralyse adjacent enemies.


Message History

* * * LOW HITPOINT WARNING * * *
You see here a hobgoblin corpse.
You feel very mighty all of a sudden. The gnoll barely misses you.
You block the gnoll's attack.
You slash the gnoll!
You kill the gnoll!
Cheibriados appreciates the change of pace.
The gnoll barely misses you. The goblin hits you but does no damage.
The gnoll barely misses you.
Your Spellcasting skill increases to level 1!
The flow of time bends around you.
Cheibriados rebukes the goblin.
The goblin seems to slow down.
The gnoll hits you from afar with a +0 halberd.
* * * LOW HITPOINT WARNING * * *
You slash the goblin!
You kill the goblin!
Cheibriados appreciates the change of pace.
The gnoll misses you.
The goblin unwields a +0 sling.
The goblin wields a +0 dagger.
The goblin hits you but does no damage.
You slash the goblin!
You kill the goblin!
Cheibriados appreciates the change of pace.
The gnoll barely misses you.
You slice the hobgoblin!!
You kill the hobgoblin!
Cheibriados appreciates the change of pace.
The gnoll closely misses you. The gnoll hits you but does no damage.
Your Fighting skill increases to level 4!
You slice the dart slug!!
You kill the dart slug!
Cheibriados appreciates the change of pace.
The gnoll hits you but does no damage.
You completely miss the gnoll. You block the gnoll's attack.
The gnoll hits you but does no damage. The gnoll hits you with a +0 club.
* * * LOW HITPOINT WARNING * * *
The gnoll closely misses you.
You barely miss the gnoll. The gnoll hits you but does no damage.
The gnoll hits you from afar with a +0 halberd!
You die...

..##....# ........#
.......## .......
#..... ##....##
#......############
..#...)).g@.........#
........g####.#####.#
....................#
#'###..P..####......#
( ####### ####...#
#...# { #...# ##+
#######+##...#
#..##+#....#..#P...#


You could see 2 gnolls.

Vanquished Creatures
  2 adders
  3 gnolls (D:4)
  3 dart slugs
  6 orcs (D:4)
  2 ball pythons (D:2)
  5 endoplasms
  2 giant cockroaches
  9 hobgoblins
  4 jackals (D:1)
  3 quokkas (D:1)
  2 bats (D:1)
  2 frilled lizards (D:1)
  8 goblins
  8 kobolds
  3 rats (D:1)
62 creatures vanquished.

Notes
Turn   | Place    | Note
-------+----------+-------------------------------------------
     0 | D:1      | lonewolfV2 the Demonspawn Fighter began the quest for the
                  | Orb.
     0 | D:1      | Reached XP level 1. HP: 18/18 MP: 1/1
   120 | D:1      | Found a faded altar of an unknown god.
   134 | D:1      | Prayed at the altar of an unknown god.
   134 | D:1      | Became a worshipper of Cheibriados the Contemplative
   134 | D:1      | Reached * piety under Cheibriados
   252 | D:1      | Gained mutation: You have a pair of small antennae on your
                  | head. [demonic ancestry]
   252 | D:1      | Reached XP level 2. HP: 22/24 MP: 2/2
   667 | D:1      | Reached ** piety under Cheibriados
   711 | D:1      | Gained mutation: You are partially covered in rugged brown
                  | scales. (AC +1, +3% HP) [demonic ancestry]
   711 | D:1      | Reached XP level 3. HP: 24/29 MP: 3/3
   902 | D:2      | Reached skill level 1 in Invocations
  1051 | D:2      | You fall into a shaft and drop 2 floors!
  1113 | D:4      | Gained mutation: Spells you cast may paralyse adjacent
                  | enemies. [demonic ancestry]
  1113 | D:4      | Reached XP level 4. HP: 27/38 MP: 5/5
  1329 | D:4      | Reached skill level 1 in Spellcasting
  1333 | D:4      | Reached skill level 4 in Fighting
  1335 | D:4      | Mangled by a gnoll

Illustrated notes

Levels and vault maps discovered:
D:1:      lightli_arrival_statue_moat, layout_loops_ring,
          ebering_ecumenical_altar_abandoned
D:2:      layout_rooms, basic_altar, minmay_misc_feat_five
D:4:      corexii_shantytown, layout_gridville,
          nicolae_gozag_cash_rules_everything_around_me, gammafunk_ghost_grave,
          uniq_ijyb

Skill      XL: |  1  2  3  4 |
---------------+-------------+-----
Axes           | 2 |  2.0
Armour         | 3 |  3.2
Invocations    | 1 2 |  2.7
Spellcasting   | 1 |  1.1
Fighting       | 4 |  4.0
Shields        | |  2.9

Action                     |  1- 3 |  4- 6 || total
---------------------------+-------+-------++-------
  Melee: War axe           |    91 |    24 ||   115
 Invoke: Bend Time         |       |     2 ||     2
  Evoke: Wand              |       |     1 ||     1
    Use: Scroll            |     2 |       ||     2
         Potion            |       |     1 ||     1
 Armour: Chain mail        |    76 |    17 ||    93
         Scale mail        |     7 |       ||     7
  Dodge: Dodged            |    49 |    22 ||    71
  Block: Buckler           |    33 |     7 ||    40
